[Event "*** Titled Tuesday 3|2 Blitz"]
[Site "Chess.com"]
[Date "2016.02.02"]
[Round "6"]
[White "GianmarcoVaR"]
[Black "gmjoey1"]
[Result "0-1"]
[WhiteElo "2261"]
[BlackElo "2450"]
[TimeControl "180+2"]
[EndTime "18:08:56 PST"]
[Termination "gmjoey1 won by resignation"]

1. d4 Nf6 2. Nf3 e6 3. Bf4 d5 4.
e3 Bd6 5. Bd3 Bxf4 6. exf4 c5 7.
c3 Qb6 8. Qb3 Qc7 9. Bb5+ Bd7 10. dxc5 Qxf4 11. O-O Qc7 12. c4 Qxc5 13. Nbd2 Bxb5 14. cxb5 Nbd7 15. Rac1 Qd6 16. Rfd1 O-O 17. a4 Rab8 18. a5 Rbc8 19. Qe3 Qb4 20. Qxa7 Qxb5 21. Rxc8 Rxc8 22. h4 h6 23. b4 Qxb4 24. Rb1 Qa3 25. Rxb7 Rc1+ 26. Kh2 Ng4+ 27. Kg3 Qd6+ 28. Ne5 Ngxe5 0-1

[Event "*** Titled Tuesday 3|2 Blitz"]
[Site "Chess.com"]
[Date "2016.02.02"]
[Round "6"]
[White "Zkid"]
[Black "BillieKimbah"]
[Result "1-0"]
[WhiteElo "2478"]
[BlackElo "2485"]
[TimeControl "180+2"]
[EndTime "18:09:04 PST"]
[Termination "Zkid won by resignation"]

1. e4 e5 2. Nf3 Nc6 3. Bb5 a6 4. Ba4 Nf6 5. O-O Be7 6. Re1 b5 7. Bb3 O-O 8. c3 d6 9. h3 Re8 10. Ng5 Rf8 11. Nf3 Nb8 12. d4 Nbd7 13. a4 Bb7 14.
Nbd2 Re8 15. Ng5 Rf8 16. Ngf3 c5 17. Qe2 c4 18. Bc2 Re8 19. b4 exd4 20. Nxd4 Qb6 21. N2f3 Bf8 22. Be3 Nxe4 23. Nxb5 Qd8 24. Nbd4 Nxc3 25.
Qxc4 Rc8 26. Bxh7+ Kxh7 27. Qxf7 Bxf3 28. Nxf3 Re5 29. Bd4 Qf6 30. Qxd7 Rxe1+ 31. Rxe1 Ne2+ 32. Kf1 Nxd4 33. Qxc8 Nxf3 34. gxf3 Qxf3 35. Re3 Qh1+ 36. Ke2 Kg8 37. Qe6+ Kh8 38. Qf5 Kg8 39. Re8 1-0

[Event "*** Titled Tuesday 3|2 Blitz"]
[Site "Chess.com"]
[Date "2016.02.02"]
[Round "6"]
[White "SenseiJulio"]
[Black "DanielRensch"]
[Result "1-0"]
[WhiteElo "2528"]
[BlackElo "2335"]
[TimeControl "180+2"]
[EndTime "18:09:05 PST"]
[Termination "SenseiJulio won on time"]

1. d4 Nf6 2. c4 e6 3. Nc3 Bb4 4. Bg5 c5 5. d5 h6 6. Bh4 Nxd5 7. Bxd8 Nxc3 8. Qb3 Ne4+ 9. Kd1 Nxf2+ 10. Kc2 Kxd8 11.
Qe3 Nxh1 12. g3 Nc6 13. Nf3 b6 14. Bg2 Bb7 15. Bxh1 Rc8 16. Rd1 Rc7 17. Kb1 Kc8 18. Ne5 Nxe5 19. Bxb7+ Kxb7 20. Qxe5 f6 21. Qe4+ Kb8 22.
Qg6 d5 23. a3 Ba5 24. cxd5 exd5 25. Rxd5 Re7 26. Qd3 Kc7 27. Qc4 Rhe8 28. b4 Re4 29. Qb5 cxb4 30. Rd7+ Kb8 31. Qc6 1-0

[Event "*** Titled Tuesday 3|2 Blitz"]
[Site "Chess.com"]
[Date "2016.02.02"]
[Round "6"]
[White "GMHess"]
[Black "Jahonas"]
[Result "1-0"]
[WhiteElo "2492"]
[BlackElo "2196"]
[TimeControl "180+2"]
[EndTime "18:09:16 PST"]
[Termination "GMHess won by checkmate"]

1. b3 c5 2. Bb2 Nf6 3. Nf3 e6 4. e3 Nc6 5. c4 d5 6. cxd5 exd5 7. Bb5 a6 8. Bxc6+ bxc6 9. O-O Be7 10. Nc3 Bg4 11.
Rc1 Rb8 12. Na4 Rb5 13. h3 Be6 14. d4 c4 15. Ne5 Qa8 16. bxc4 dxc4 17. Nxc4 O-O 18.
Ne5 Bxa2 19. Qe2 Bd5 20. Nc3 Rb6 21. Nxd5 cxd5 22. Bc3 a5 23. Rc2 Bb4 24. Rfc1 h6 25. Ba1 a4 26. Rc6 Rfb8 27. Qa2 a3 28. e4 Nxe4 29.
Qxd5 Rxc6 30. Qxf7+ Kh8 31. Rxc6 Ng5 32. Rxh6+ gxh6 33. Ng6# 1-0

[Event "*** Titled Tuesday 3|2 Blitz"]
[Site "Chess.com"]
[Date "2016.02.02"]
[Round "6"]
[White "LADIESGET2KNOWME"]
[Black "Po6Don"]
[Result "1-0"]
[WhiteElo "2320"]
[BlackElo "2089"]
[TimeControl "180+2"]
[EndTime "18:09:26 PST"]
[Termination "LADIESGET2KNOWME won by checkmate"]

1. d4 d5 2. Nc3 Nf6 3. Bg5 Nbd7 4. Nf3 h6 5. Bh4 e6 6. e3 Bb4 7. Bd3 c5 8. O-O Bxc3 9. bxc3 Qa5 10. c4 dxc4 11.
Bxc4 b5 12. Be2 Bb7 13. c4 bxc4 14. Bxc4 Rc8 15. dxc5 Qxc5 16. Rc1 Qh5 17. Bxf6 gxf6 18. Qd6 Rc6 19. Qa3 Rg8 20. e4 Ne5 21. Nxe5 Qxe5 22. Qxa7 Qxe4 23. f3 Qe5 24. Qxb7 Rxc4 25. Rxc4 Qe3+ 26.
Kh1 Kf8 27. Qe4 Kg7 28. Qxe3 f5 29. Rc7 Kf6 30. Qc3+ Kg5 31. Rxf7 Rg6 32. f4+ Kh4 33. Qh3# 1-0

[Event "*** Titled Tuesday 3|2 Blitz"]
[Site "Chess.com"]
[Date "2016.02.02"]
[Round "6"]
[White "attack2mateU"]
[Black "Dlugy"]
[Result "0-1"]
[WhiteElo "2497"]
[BlackElo "2573"]
[TimeControl "180+2"]
[EndTime "18:09:34 PST"]
[Termination "Dlugy won by resignation"]

1. e4 c5 2. Nf3 d6 3. d4 cxd4 4. Nxd4 Nf6 5. Nc3 Nc6 6. Bg5 e6 7. Qd2 a6 8. O-O-O h6 9. Be3 Nxd4 10. Bxd4 b5 11. f3 Qa5 12. Qf2 Rb8 13. e5 dxe5 14. Bxe5 b4 15. Bxb8 bxc3 16. Qd4 Ba3 17. Kb1 Bxb2 18.
Bd6 Bb7 19. Bc4 Qd8 20. Rhe1 Qc8 21. Bb3 Bc6 22. Bc5 Qc7 23. Bb6 Qd7 24. Qb4 Nd5 25.
Bxd5 Bxd5 26. Re5 Bxa2+ 27. Kxa2 Qxd1 28. Bc5 Qd8 29. Bd6 f6 30. Rxe6+ Kf7 31. Re7+ Kg8 32. Rc7 Qe8 33. Qc4+ Kh7 34. Qd3+ Qg6 35. Qxa6 Qxc2 36.
Qb6 Bc1+ 0-1

[Event "*** Titled Tuesday 3|2 Blitz"]
[Site "Chess.com"]
[Date "2016.02.02"]
[Round "6"]
[White "Noukii"]
[Black "Anton_Demchenko"]
[Result "1/2-1/2"]
[WhiteElo "2714"]
[BlackElo "2625"]
[TimeControl "180+2"]
[EndTime "18:09:55 PST"]
[Termination "Game drawn by repetition"]

1. d4 Nf6 2. c4 g6 3. Nc3 Bg7 4. e4 O-O 5. Nf3 d6 6. Be2 Na6 7. O-O e5 8. Be3 c6 9. d5 Ng4 10. Bg5 f6 11. Bh4 c5 12. Ne1 Nh6 13. a3 g5 14. Bg3 f5 15. f3 f4 16. Bf2 b6 17.
Nd3 Nf7 18. b4 h5 19. bxc5 Nxc5 20. Nxc5 bxc5 21. Rb1 Bf6 22. h3 Qd7 23. Qa4 Qxa4 24. Nxa4 Bd7 25. Nc3 Rfb8 26. Rxb8+ Rxb8 27. Rb1 Rxb1+ 28. Nxb1 Bd8 29. Be1 Kf8 30. Bd1 Ke8 31.
Kf1 Nh6 32. Nc3 a6 33. Na4 g4 34. hxg4 hxg4 35. Bf2 g3 36. Be1 Ng8 37. Bc3 Bc7 38.
Nb2 Ne7 39. Nd3 Ng6 40. Bd2 Ke7 41. Bc3 Bb6 42. Nb2 Bc7 43. Ba4 Bxa4 44. Nxa4 Kd7 45.
Nb2 Nh4 46. Nd3 Ng6 47. Bd2 Ke7 48. Ke2 Kd7 49. Bc3 Ke7 50. Bd2 Kd7 51. Kf1 Bd8 52.
Bc3 Bc7 53. Bd2 Bd8 54. Bc3 Bc7 55. Bd2 Bd8 1/2-1/2

[Event "*** Titled Tuesday 3|2 Blitz"]
[Site "Chess.com"]
[Date "2016.02.02"]
[Round "6"]
[White "pedromartinez91"]
[Black "DeviatkinAndrey"]
[Result "0-1"]
[WhiteElo "1986"]
[BlackElo "2449"]
[TimeControl "180+2"]
[EndTime "18:09:56 PST"]
[Termination "DeviatkinAndrey won by resignation"]

1. e4 c6 2. Nf3 d5 3. exd5 cxd5 4. d4 Nc6 5. Bd3 Bg4 6. c3 e6 7. Nbd2 Bd6 8. h3 Bh5 9. Qe2 Nf6 10. Qe3 Qc7 11. a4 Bf4 12. Qe2 O-O 13. O-O e5 14. dxe5 Nxe5 15. g4 Nfxg4 16. Nxe5 Nxe5 17. Bxh7+ Kxh7 18. Qxh5+ Kg8 19. Nf3 Nxf3+ 20. Qxf3 Bxc1 21. Raxc1 Rfe8 22. Rfe1 Re6 23. Rxe6 fxe6 24. Qg4 Qe5 25. Kf1 Re8 26. Re1 Qf6 27. Re3 e5 28. Rf3 Qe7 29.
Kg2 a6 30. h4 Rd8 31. h5 Rf8 32. Rd3 Qf6 33. Qg3 d4 34. cxd4 exd4 35. Rb3 Rf7 36. a5 Qc6+ 37. Rf3 d3 38. Kh2 Qxf3 39. Qb8+ Kh7 0-1

[Event "*** Titled Tuesday 3|2 Blitz"]
[Site "Chess.com"]
[Date "2016.02.02"]
[Round "6"]
[White "TheMagician"]
[Black "kharposh"]
[Result "1-0"]
[WhiteElo "2130"]
[BlackElo "2040"]
[TimeControl "180+2"]
[EndTime "18:10:21 PST"]
[Termination "TheMagician won by resignation"]

1. e4 e5 2. f4 exf4 3. Nf3 Nf6 4. Nc3 d5 5. e5 Nh5 6. d4 c5 7. dxc5 Bxc5 8. Qxd5 Qb6 9. Ne4 Bb4+ 10. c3 Be6 11. Qb5+ Nc6 12. cxb4 O-O 13. Qxb6 axb6 14. Bd2 Bxa2 15.
Be2 Bd5 16. Nc3 Rxa1+ 17. Kf2 Rxh1 18. Nxd5 f6 19. e6 Re8 20. Bc4 Kh8 21. Nxb6 Ne5 22. Nxe5 fxe5 23. Nd7 e4 24. Bc3 e3+ 25. Kf3 Nf6 26.
Nxf6 e2 27. Nxe8 e1=Q 28. Bxe1 Rxe1 29. Nd6 g5 30. Ne4 Re3+ 31. Kg4 Rxe4 32. b3 b5 33. Bxb5 Rxe6 34. Bc4 Rg6 35. b5 Kg7 36. Bd3 Rd6 37. Be4 Kf6 38. Bxh7 Rb6 39. Bd3 Rd6 40. Be4 Rb6 41. Bc6 Kg6 42. h3 Kf6 43. h4 gxh4 44.
Kxf4 Ke6 45. Kg4 Ke5 46. Kxh4 Kd4 47. g4 Kc3 48. g5 Kxb3 49. g6 Kb4 50. g7 Rb8 51.
Kg5 Kc5 52. Kf6 Kb6 53. Kf7 Rc8 54. g8=Q Rxg8 55. Kxg8 Kc7 56. Kf7 Kb6 57. Ke7 Kc7 58. Ke8 Kc8 59. b6 Kb8 60. Ke7 Kc8 61. Kd6 Kb8 62. Kc5 Kc8 63. Kb5 Kb8 64. Ka6 Kc8 65.
Ka7 Kd8 66. b7 Ke7 67. Bg2 1-0

[Event "*** Titled Tuesday 3|2 Blitz"]
[Site "Chess.com"]
[Date "2016.02.02"]
[Round "6"]
[White "chessking2151"]
[Black "davidarenas1224"]
[Result "1-0"]
[WhiteElo "2252"]
[BlackElo "2081"]
[TimeControl "180+2"]
[EndTime "18:10:34 PST"]
[Termination "chessking2151 won by resignation"]

1. e4 c5 2. Nf3 d6 3. Bb5+ Bd7 4. Bxd7+ Nxd7 5. O-O Ngf6 6. Re1 e6 7. b3 Be7 8.
Bb2 O-O 9. d4 cxd4 10. Nxd4 a6 11. c4 Rc8 12. Nc3 Re8 13. f4 Qa5 14. Qf3 Qh5 15.
Qxh5 Nxh5 16. g3 Nhf6 17. Rad1 Bf8 18. Kg2 Nc5 19. Nf3 Red8 20. h3 Ra8 21. e5 Ne8 22.
Ba3 dxe5 23. Nxe5 f6 24. Bxc5 Bxc5 25. Nd3 Bd4 26. Ne4 Kf7 27. Nec5 Bxc5 28. Nxc5 b6 29. Ne4 Rac8 30. Kf3 h6 31. g4 Ke7 32. Ke3 Nd6 33. Nxd6 Rxd6 34. Rxd6 Kxd6 35. Rd1+ Ke7 36. Ke4 Rc5 37.
Rd4 h5 38. a3 Ra5 39. a4 Rc5 40. b4 Rc8 41. Kd3 hxg4 42. hxg4 e5 43. Re4 Ke6 44. f5+ Ke7 45. Kc3 Kf7 46. Re3 Rd8 47. c5 bxc5 48. bxc5 Kg8 49. Kc4 Rd1 50. c6 Kf7 51. c7 Rd4+ 52.
Kc3 Rd1 53. Kc2 1-0

[Event "*** Titled Tuesday 3|2 Blitz"]
[Site "Chess.com"]
[Date "2016.02.02"]
[Round "6"]
[White "Zazuliak"]
[Black "Kanthecarowin"]
[Result "1-0"]
[WhiteElo "2319"]
[BlackElo "2160"]
[TimeControl "180+2"]
[EndTime "18:10:35 PST"]
[Termination "Zazuliak won by resignation"]

1. d4 Nf6 2. c4 g6 3. Nc3 Bg7 4.
e4 d6 5. Nf3 O-O 6. Be2 e5 7.
O-O Nc6 8. Be3 Ng4 9. Bg5 f6 10.
Bh4 g5 11. Bg3 h5 12. h3 Nh6 13. dxe5 g4 14. hxg4 hxg4 15. exf6 Qxf6 16. Ne1 Nd4 17. Nd3 c6 18. Nf4 Qg5 19. Nd3 Qg6 20. Rc1 Kh8 21.
Re1 Bd7 22. Bf1 Rae8 23. Qd2 b5 24. cxb5 cxb5 25. Nf4 Qg5 26. Ncd5 Be5 27. Rc7 Rf7 28.
Rd1 Ref8 29. Qe3 Ne6 30. Nxe6 Qxe3 31. Nxe3 Bxe6 32. Bxe5+ dxe5 33. Rxf7 Rxf7 34. a3 a6 35. Rd6 Re7 36. Rxa6 Nf7 37. Bxb5 Ng5 38. Bd3 Rd7 39.
Nd5 Nxe4 40. Bxe4 Bxd5 41. Bxd5 Rxd5 42. Rb6 Kg7 43. Rb4 Kf6 44. Rxg4 Rd1+ 45. Kh2 Rd2 46. Rb4 Rxf2 47. a4 Kf5 48. Kg3 Rc2 49. a5 e4 50. a6 e3 51. Kf3 e2 52. Kf2 Rc6 53.
Ra4 1-0

[Event "*** Titled Tuesday 3|2 Blitz"]
[Site "Chess.com"]
[Date "2016.02.02"]
[Round "6"]
[White "tac49"]
[Black "HansCoolNiemann"]
[Result "1-0"]
[WhiteElo "2459"]
[BlackElo "2202"]
[TimeControl "180+2"]
[EndTime "18:10:56 PST"]
[Termination "tac49 won on time"]

1. e4 e5 2. Nf3 Nc6 3. Bb5 Nf6 4. d3 Bc5 5. O-O d6 6. c3 O-O 7. Nbd2 Bb6 8. Nc4 Ne7 9. Nxb6 axb6 10. Re1 Ng6 11.
d4 c6 12. Bf1 Qe7 13. b3 c5 14.
Bb2 Bd7 15. dxe5 dxe5 16. c4 Bc6 17. Qc2 Rfd8 18. a4 Rd7 19. Rad1 Rxd1 20. Qxd1 Bxe4 21. Ng5 Bc6 22. f4 e4 23. f5 Ne5 24. Qa1 Re8 25. Nh3 Neg4 26. Nf4 Qd6 27. g3 Ne5 28. Bg2 Nf3+ 29.
Bxf3 exf3 30. Bxf6 Rxe1+ 31. Qxe1 gxf6 32. Kf2 Qd4+ 33. Qe3 Qb2+ 34. Kf1 Kf8 35. h4 Qe5 36. Qd3 Qa1+ 37. Kf2 Qd4+ 38. Qxd4 cxd4 39. Nd3 Be4 40. Ne1 Ke7 41. Nxf3 d3 42. Ke3 Bxf5 43. Ne1 Kd6 44. Nxd3 1-0

[Event "*** Titled Tuesday 3|2 Blitz"]
[Site "Chess.com"]
[Date "2016.02.02"]
[Round "6"]
[White "Gabrielian_Artur"]
[Black "Dr-Bassem"]
[Result "0-1"]
[WhiteElo "2469"]
[BlackElo "2491"]
[TimeControl "180+2"]
[EndTime "18:11:02 PST"]
[Termination "Dr-Bassem won on time"]

1. e4 e5 2. Nf3 Nc6 3. Bc4 Bc5 4. d3 Nf6 5. Bg5 h6 6. Bh4 d6 7. c3 g5 8. Bg3 Bg4 9. Nbd2 Qd7 10. b4 Bb6 11. a4 a5 12. b5 Ne7 13. h3 Bh5 14. Qb3 Ng6 15. d4 Qe7 16. O-O g4 17. hxg4 Bxg4 18. Rfe1 Nh5 19. Bh2 Rg8 20.
Bd5 Ngf4 21. Bxf4 Nxf4 22. g3 Qf6 23. dxe5 dxe5 24. Bxf7+ Qxf7 25. Qxf7+ Kxf7 26. Nxe5+ Ke6 27. gxf4 Rad8 28. Ndc4 Be2+ 29. Kh2 Bxc4 30. Nxc4 Bxf2 31. Rf1 Bg3+ 32. Kh1 Rg4 33. Ne3 Rxf4 34. Rxf4 Bxf4 35. Nd5 Ke5 36. Rf1 Bg5 37. Nxc7 Rd3 38. c4 Kxe4 39. Ne6 Rc3 40. c5 Be3 41. Re1 Kf3 42. Rf1+ Kg4 43. Rf7 Kg3 44. Rg7+ Kh3 45. Rg1 Rc2 0-1

[Event "*** Titled Tuesday 3|2 Blitz"]
[Site "Chess.com"]
[Date "2016.02.02"]
[Round "6"]
[White "pKiLz5Rn9b"]
[Black "DanielNaroditsky"]
[Result "1-0"]
[WhiteElo "2364"]
[BlackElo "2556"]
[TimeControl "180+2"]
[EndTime "18:11:09 PST"]
[Termination "pKiLz5Rn9b won on time"]

1. e4 e5 2. Nf3 Nc6 3. Bc4 Bc5 4.
c3 Nf6 5. d3 d6 6. Nbd2 a6 7.
h3 Ba7 8. Bb3 Ne7 9. Nf1 Ng6 10.
Ng3 O-O 11. O-O h6 12. Re1 b5 13. d4 Bb7 14. Bc2 Bb6 15. Be3 d5 16. dxe5 Nxe4 17. Nxe4 dxe4 18. Qxd8 Rfxd8 19. Bxb6 exf3 20. Bxc7 Rd2 21.
Bxg6 fxg6 22. Rad1 Rxb2 23. Bd8 Re2 24. Bc7 Rc8 25. Ba5 Rxa2 26. Bb4 a5 27. Bd6 fxg2 28.
e6 Bf3 29. Rd3 Re2 30. Rxe2 Bxe2 31. Re3 Bc4 32. e7 Bf7 33. Re5 Be8 34. Bc5 Bc6 35. f4 Kf7 36. f5 g5 37. Re6 Bd7 38. Re5 Bc6 39. Re6 Be8 40. Re5 b4 41. cxb4 a4 42.
Kxg2 a3 43. Re1 a2 44. Ra1 Ra8 45. Kf2 Kf6 46. Ke3 Kxf5 47. Kd4 h5 48. Kc3 Ke4 49.
Kb2 Bf7 50. Re1+ Kd5 51. Ka1 g4 52. hxg4 hxg4 53. Rg1 Be6 54. Rd1+ 1-0

[Event "*** Titled Tuesday 3|2 Blitz"]
[Site "Chess.com"]
[Date "2016.02.02"]
[Round "6"]
[White "ItalianMachine"]
[Black "Thomaslegend"]
[Result "1/2-1/2"]
[WhiteElo "2233"]
[BlackElo "2104"]
[TimeControl "180+2"]
[EndTime "18:11:22 PST"]
[Termination "Game drawn - insufficient material"]

1. d4 Nf6 2. c4 g6 3. Nc3 d5 4. g3 Bg7 5. Bg2 c6 6. Nf3 Ne4 7. O-O Nxc3 8. bxc3 dxc4 9. e4 b5 10. a4 Qc7 11. Bf4 Qb7 12. axb5 cxb5 13. e5 Be6 14. Ng5 Bd5 15. f3 O-O 16. h4 Nd7 17. Qd2 a5 18.
Rfe1 b4 19. e6 fxe6 20. Nxe6 Bxe6 21. Rxe6 Nf6 22. Qe2 Nd5 23. Bg5 Bf6 24. f4 Bxg5 25. hxg5 b3 26. Qxc4 b2 27. Rb1 Rad8 28. Re5 Rf5 29. Re2 Rc8 30. Bxd5+ Rxd5 31. Qd3 Qc7 32. Rc2 Qc4 33. Qxc4 Rxc4 34. Rbxb2 Kf7 35. Kf2 Ke6 36. Ke3 Kf5 37. Kf3 h5 38. gxh6 a4 39. h7 Rd8 40.
Rh2 Rh8 41. g4+ Kf6 42. Ke4 a3 43. Rb6+ Kg7 44. f5 gxf5+ 45. gxf5 Rxh7 46. Rxh7+ Kxh7 47. Kd3 Ra4 48. Rb1 Kg7 49. c4 Kf6 50. c5 Kxf5 51. Kc3 Ke6 52. Kb3 Ra8 53. Kc4 Ra4+ 54. Kd3 a2 55. Ra1 Kd5 56. Kc3 e5 57. dxe5 Rc4+ 58. Kb3 Rxc5 59. Rxa2 Kxe5 60. Kb4 Rd5 61. Ra5 Rxa5 62.
Kxa5 1/2-1/2

[Event "*** Titled Tuesday 3|2 Blitz"]
[Site "Chess.com"]
[Date "2016.02.02"]
[Round "6"]
[White "brauliocuarta"]
[Black "Silent_Terror"]
[Result "0-1"]
[WhiteElo "1982"]
[BlackElo "2490"]
[TimeControl "180+2"]
[EndTime "18:12:34 PST"]
[Termination "Silent_Terror won by resignation"]

1. d4 e6 2. c4 Bb4+ 3. Nc3 c5 4. e3 Bxc3+ 5. bxc3 d6 6. e4 b6 7.
Bd3 Nc6 8. Ne2 Na5 9. O-O Ba6 10. f4 Qd7 11. Ng3 Bxc4 12. f5 e5 13. Bxc4 Nxc4 14. Qg4 f6 15. Nh5 Kf8 16. Rf3 Rc8 17. Rg3 Rc7 18.
Qe2 Na5 19. Rxg7 Qxg7 20. Nxg7 Kxg7 21. dxe5 dxe5 22. Qg4+ Kf7 23. Be3 Nc4 24. Qh5+ Kg7 25. Bf2 Nh6 26. Rd1 Nf7 27. a4 Ncd6 28. Bh4 Nxe4 29. Qg4+ Neg5 30. Bxg5 fxg5 31. f6+ Kxf6 32. Rf1+ Ke7 33. h4 Rg8 34. hxg5 Rg6 35. Qf5 Kf8 36. Rd1 Kg7 37. Rd7 Rxd7 38. Qxd7 a5 39. c4 Rxg5 40. Qe6 Rg6 41. Qf5 Rf6 42. Qg4+ Kf8 43. Qc8+ Ke7 44. Qc7+ Kf8 45. Qc8+ Kg7 46. Qg4+ Rg6 47.
Qf5 h6 48. Kh2 Rf6 49. Qg4+ Ng5 50. Qd7+ Kg6 51. Qe8+ Kf5 52. Qd7+ Re6 53. Qd3+ e4 54.
Qf1+ Ke5 55. Qa1+ Kf4 56. Qf1+ Ke3 57. Qc1+ Kd3 58. Qb1+ Kxc4 59. Qb5+ Kc3 60. Kg3 e3 61.
Qe2 Ne4+ 62. Kf4 Nd2 63. Kf5 Re8 64. Kg6 Nb3 65. Kxh6 Nd4 66. Qe1+ Kd3 67. Qd1+ Kc4 68. Qc1+ Kd5 69. g4 e2 70. Qh1+ Re4 71. Qe1 Nf3 72. g5 Nxe1 73. g6 Re6 74. Kh7 Rxg6 75. Kxg6 Nd3 76. Kf5 e1=Q 77. Kg4 Qe5 78. Kf3 Qe4+ 79. Kg3 Qf4+ 80. Kg2 Qf2+ 81. Kh1 Qf3+ 82. Kh2 Qg4 83.
Kh1 Nf4 0-1

[Event "*** Titled Tuesday 3|2 Blitz"]
[Site "Chess.com"]
[Date "2016.02.02"]
[Round "6"]
[White "jcibarra"]
[Black "AndreyOstrovskiy"]
[Result "0-1"]
[WhiteElo "2493"]
[BlackElo "2461"]
[TimeControl "180+2"]
[EndTime "18:12:58 PST"]
[Termination "AndreyOstrovskiy won by resignation"]

1. e4 e5 2. Nf3 Nc6 3. Bb5 a6 4.
Bxc6 dxc6 5. O-O Qf6 6. d4 exd4 7. Bg5 Qd6 8. Nxd4 Bd7 9. Nc3 Ne7 10. Bh4 O-O-O 11.
Bg3 Qg6 12. Qe2 h5 13. Bh4 f6 14. f3 c5 15. Nb3 Nc6 16. Bf2 c4 17. Nd2 Bh3 18.
Be3 Nd4 19. Bxd4 Rxd4 20. Rf2 Bc5 21. Kh1 Be6 22. Nf1 Rhd8 23. Qe1 h4 24. Ne3 h3 25. g4 Qg5 26. Re2 c6 27. Rd1 Rxd1 28. Ncxd1 Bd6 29.
Qf1 Qa5 30. a3 Be5 31. c3 Qa4 32. Nc2 Bf4 33. Nf2 Rd3 34. Nxh3 Bc7 35. Nd4 Rd1 36.
Re1 Rxe1 37. Qxe1 Bd7 38. Qd2 c5 39. Nf5 g6 40. Ne7+ Kd8 41. Nd5 Be5 42. Nf2 g5 43.
Kg2 Ke8 44. Ne3 Bf4 45. Qe2 Qb3 46. Qxc4 Qxb2 47. Qg8+ Ke7 48. Nf5+ Bxf5 49. gxf5 Be3 50. Qe6+ Kd8 51. Qxf6+ Kc7 52. Qe5+ Kb6 53. Qg3 Qxc3 54.
Qd6+ Ka7 55. Qd3 Qc1 56. f6 Bxf2 57. f7 Qg1+ 58. Kh3 c4 59. Qxc4 Bc5 60. e5 Qe3 61.
Qd5 Qxa3 62. e6 Be7 63. Kg4 a5 64. f4 a4 65. fxg5 Qb4+ 66. Kf5 a3 67. g6 Qb2 68.
Qa5+ Kb8 69. g7 Qxg7 70. Qa4 Qf6+ 71. Kg4 Qxe6+ 72. Kf3 Qxf7+ 73. Ke4 a2 74. Kd3 Qd5+ 75. Kc2 Bf6 76. Qe8+ Ka7 77. Qa4+ Kb6 78. Qb4+ Kc6 79. Qa4+ Kd6 80. Qf4+ Be5 81. Qf8+ Kc6 82. Qg8 Qxg8 0-1

[Event "*** Titled Tuesday 3|2 Blitz"]
[Site "Chess.com"]
[Date "2016.02.02"]
[Round "6"]
[White "Assasin14"]
[Black "ethylalcohol"]
[Result "1-0"]
[WhiteElo "2016"]
[BlackElo "1727"]
[TimeControl "180+2"]
[EndTime "18:15:26 PST"]
[Termination "Assasin14 won on time"]

1. e4 e5 2. Nf3 Nc6 3. Bb5 Nf6 4.
Qe2 d6 5. c3 Bd7 6. O-O Be7 7.
d4 O-O 8. Nbd2 exd4 9. cxd4 Re8 10. a3 a6 11. Bc4 Bg4 12. Qd3 h6 13. Qb3 Na5 14.
Bxf7+ Kf8 15. Qa2 Qd7 16. e5 Nh5 17. e6 Qb5 18. Bxe8 Rxe8 19. d5 Nf4 20. b4 Bxf3 21.
Nxf3 Ne2+ 22. Kh1 Nc3 23. Re1 Nxa2 24. bxa5 Qxa5 25. Rxa2 c6 26. Bd2 Qxd5 27. Rb2 b5 28.
Nh4 Bxh4 29. Ba5 Bf6 30. Rbe2 c5 31. Bd2 c4 32. Bc1 a5 33. Bd2 b4 34. axb4 axb4 35. Bxb4 Be5 36. f4 Bxf4 37. Rf1 g5 38. Rd2 Qe5 39.
g3 Qe4+ 40. Rg2 Kg7 41. gxf4 Kf6 42. fxg5+ Kxe6 43. Re1 Qxe1+ 44. Bxe1 Kd5 45. Bc3 hxg5 46. Rxg5+ Kc6 47. Rg4 d5 48. h4 Re3 49. Bd4 Rd3 50.
h5 Rh3+ 51. Kg2 Rxh5 52. Rg6+ Kb5 53. Rb6+ Ka5 54. Rd6 Ka4 55. Kf3 Kb3 56. Kg4 Rh1 57. Rxd5 Rd1 58. Rb5+ Ka4 59. Rd5 c3 60. Rd8 c2 61.
Ra8+ Kb4 62. Rb8+ Kc4 63. Be3 Kd3 64. Bh6 Rg1+ 65. Kf3 Rf1+ 66. Kg2 Rd1 67. Rd8+ Ke2 68. Re8+ Kd3 69. Rd8+ Ke2 70. Re8+ Kd3 71. Rc8 Ke2 72. Rxc2+ Kd3 73. Rf2 Ke4 74. Rf3 Rb1 75. Re3+ Kd4 76.
Re2 Rb3 77. Rd2+ Ke4 78. Rf2 Kd4 79. Rd2+ Ke4 80. Rf2 Kd4 81. Rf4+ Ke5 82. Rg4 Rd3 83. Bf4+ Kf5 84. Rh4 Rb3 85. Bd2 Rd3 86. Be1 Rb3 87. Kf1 Rb2 88. Ra4 Rc2 89. Bf2 Rb2 90. Kg2 Rc2 91. Kf3 Rc3+ 92. Be3 Rb3 93. Ra5+ Ke6 94. Ke4 Rb1 95. Ra6+ Kd7 96. Kd5 Rb5+ 97. Bc5 Kc7 98. Ra7+ Kd8 99. Rh7 Rb1 100. Kc6 Re1 101. Rh8+ Re8 102. Rh7 Re1 103. Ra7 Ke8 104. Kd5 Rd1+ 105. Ke6 Re1+ 106. Kd6 Rd1+ 107. Kc6 Re1 108. Bd6 Rc1+ 109. Kd5 Rd1+ 110. Ke6 Re1+ 111. Be5 Rd1 112. Ra4 Rd2 113. Rg4 Kf8 114. Rh4 1-0

[Event "*** Titled Tuesday 3|2 Blitz"]
[Site "Chess.com"]
[Date "2016.02.02"]
[Round "7"]
[White "Thomaslegend"]
[Black "Po6Don"]
[Result "0-1"]
[WhiteElo "2092"]
[BlackElo "2109"]
[TimeControl "180+2"]
[EndTime "18:19:13 PST"]
[Termination "Po6Don won by checkmate"]

1. Nf3 Nc6 2. g3 d5 3. d4 Bg4 4. Bg2 e6 5. O-O Bd6 6. c4 Nf6 7. Nc3 O-O 8. a3 a6 9. b4 dxc4 10. e4 e5 11. Bg5 Nxd4 12. h3 Bxf3 13. Bxf3 h6 14. Bxf6 Qxf6 15. Bg2 c6 16. Ne2 Rad8 17. Rc1 b5 18. Nc3 Nb3 19. Rb1 Bxb4 20. Qc2 Rd2 21.
Qxd2 Nxd2 22. Rxb4 Nxf1 23. Bxf1 Rd8 24. a4 Rd2 25.
axb5 Qxf2+ 26. Kh1 Qxf1# 0-1

[Event "*** Titled Tuesday 3|2 Blitz"]
[Site "Chess.com"]
[Date "2016.02.02"]
[Round "7"]
[White "ItalianMachine"]
[Black "pedromartinez91"]
[Result "1-0"]
[WhiteElo "2236"]
[BlackElo "1983"]
[TimeControl "180+2"]
[EndTime "18:20:11 PST"]
[Termination "ItalianMachine won by resignation"]

1. e4 e6 2. d4 d5 3. Bd3 dxe4 4. Bxe4 Nf6 5. Bf3 Nbd7 6. Ne2 Be7 7. O-O O-O 8. c4 c5 9. d5 exd5 10. cxd5 Bd6 11. Ng3 Ne5 12. Be4 Nxe4 13. Nxe4 Bf5 14. Nbc3 a6 15. a4 Ng4 16. h3 Ne5 17. Re1 Ng6 18.
Bg5 Qc7 19. Qf3 Bxe4 20. Nxe4 Rfe8 21. g3 b5 22. h4 Ne5 23. Qf5 Nd3 24. Nf6+ gxf6 25.
Bxf6 Nf4 26. gxf4 Bxf4 27. Qg4+ 1-0

[Event "*** Titled Tuesday 3|2 Blitz"]
[Site "Chess.com"]
[Date "2016.02.02"]
[Round "7"]
[White "Konavets"]
[Black "LADIESGET2KNOWME"]
[Result "1-0"]
[WhiteElo "2509"]
[BlackElo "2316"]
[TimeControl "180+2"]
[EndTime "18:21:33 PST"]
[Termination "Konavets won by resignation"]

1. Nf3 Nf6 2. d4 g6 3. c4 Bg7 4. Nc3 d6 5. e4 O-O 6. Be2 e5 7. O-O Nc6 8. d5 Ne7 9. Ne1 Nd7 10. Be3 f5 11. f3 f4 12. Bf2 g5 13. c5 Ng6 14. cxd6 cxd6 15. Nb5 Nf6 16. Rc1 Ne8 17. Nxa7 Bd7 18. Bb5 h5 19. Qa4 Rf7 20. Bxd7 Rxd7 21. Qb3 g4 22. Nc6 Qg5 23. Kh1 bxc6 24.
dxc6+ Rf7 25. a4 g3 26. Bg1 gxh2 27. Bxh2 Nc7 28. Qb7 Rxa4 29. b4 Ra2 30. b5 Nh4 31. Rg1 Bf8 32. b6 Rg7 33. bxc7 Nxg2 34. c8=Q Qh4 35. Qxf8+ Kxf8 36. Qxg7+ Kxg7 37. Rxg2+ Rxg2 38. Nxg2 1-0

[Event "*** Titled Tuesday 3|2 Blitz"]
[Site "Chess.com"]
[Date "2016.02.02"]
[Round "7"]
[White "GianmarcoVaR"]
[Black "Quiet_Desperation"]
[Result "1-0"]
[WhiteElo "2268"]
[BlackElo "2112"]
[TimeControl "180+2"]
[EndTime "18:21:51 PST"]
[Termination "GianmarcoVaR won by resignation"]

1. d4 Nf6 2. e3 e6 3. Nf3 b6 4. Bd3 Bb7 5. O-O Be7 6. c4 O-O 7. Nc3 c5 8. d5 exd5 9. cxd5 d6 10. e4 Nfd7 11. Bf4 f6 12. Nd2 Ne5 13. Be2 a6 14. a4 Nbd7 15. Bg3 Ng6 16. Bg4 Nde5 17. Be6+ Kh8 18. f4 Nf7 19. Qh5 Nh6 20. Nc4 Bc8 21. Bf5 Bd7 22. Bxd7 Qxd7 23. Nxb6 Qb7 24. Nxa8 Rxa8 25.
Rf2 Qb4 26. h3 Rb8 27. Kh2 Qd4 28. Rd1 Qc4 29. e5 f5 30. Qe2 dxe5 31. Qxc4 1-0

[Event "*** Titled Tuesday 3|2 Blitz"]
[Site "Chess.com"]
[Date "2016.02.02"]
[Round "7"]
[White "Kanthecarowin"]
[Black "ethylalcohol"]
[Result "1-0"]
[WhiteElo "2161"]
[BlackElo "1723"]
[TimeControl "180+2"]
[EndTime "18:22:13 PST"]
[Termination "Kanthecarowin won on time"]

1. d4 f5 2. g3 Nf6 3. Bg2 e6 4.
Nh3 Be7 5. O-O O-O 6. c4 d6 7. Nc3 Nc6 8. Be3 Qe8 9. Nf4 g5 10. Nh3 h6 11. d5 Ne5 12. b3 Nfg4 13.
Bd4 c5 14. dxc6 Nxc6 15. Nb5 Nxd4 16. Qxd4 Bf6 17. Qxd6 Bxa1 18. Nc7 Qh5 19. Rxa1 f4 20. Nxa8 fxg3 21. hxg3 Nxf2 22. Nxf2 Qxe2 23. Qd4 e5 24. Qc5 b6 25. Qd5+ Kh8 26. Rf1 Bf5 27. Nc7 1-0